 Dungeon Crawl Stone Soup version 0.21-a0-19-g210df22 (webtiles) character file.

61 Copingsaw the Caller (level 4, -4/24 HPs)
             Began as a Tengu Summoner on May 25, 2017.
             Killed from afar by an orc wizard (8 damage)
             ... with a magic dart
             ... on level 3 of the Dungeon.
             The game lasted 00:13:14 (2310 turns).

Copingsaw the Caller (Tengu Summoner)               Turns: 2310, Time: 00:13:15

Health: -4/24      AC:  2    Str:  9    XL:     4   Next: 7%
Magic:  3/9        EV: 13    Int: 16    God:
Gold:   173        SH:  0    Dex: 14    Spells: 4/8 levels left

rFire    . . .     SeeInvis .   g - +0 short sword
rCold    + . .     Gourm    .   (no shield)
rNeg     . . .     Faith    .   a - +0 robe
rPois    .         Spirit   .   (helmet restricted)
rElec    .         Reflect  .   (no cloak)
rCorr    .         Harm     .   (no gloves)
MR       .....                  (boots unavailable)
Stlth    ++........             (no amulet)
Regen    0.1/turn               o - ring of protection from cold
MPRegen  0.2/turn               (no ring)

@: no status effects
A: beak, talons 3
a: no special abilities


You were on level 3 of the Dungeon.
You were very hungry.

You visited 1 branch of the dungeon, and saw 3 of its levels.

You collected 173 gold pieces.

Inventory:

Hand Weapons
 e - a +0 club
 g - a +0 short sword (weapon)
Missiles
 l - 9 sling bullets
 v - 3 tomahawks (quivered)
Armour
 a - a +0 robe (worn)
Jewellery
 o - a ring of protection from cold (left hand)
Scrolls
 d - 2 scrolls of identify
 h - a scroll of immolation {unknown}
 k - a scroll of blinking {unknown}
 p - a scroll of recharging {unknown}
 t - a scroll of amnesia {unknown}
 w - a scroll of random uselessness {unknown}
Potions
 i - a potion of lignification
 m - a potion of might
 n - a potion of magic
 q - a potion of heal wounds {unknown}
 r - a potion of agility {unknown}
 s - a potion of brilliance {unknown}
 u - 2 potions of resistance
Books
 b - a book of Callings

   Spells                             Type                      Level
   a - Summon Small Mammal            Summoning                    1
   b - Call Imp                       Summoning                    2
   c - Call Canine Familiar           Summoning                    3
   d - Summon Guardian Golem          Hexes/Summoning              3
   e - Summon Lightning Spire         Summoning/Air                4
   f - Summon Ice Beast               Ice/Summoning                4
Comestibles
 c - a bread ration
 f - 3 meat rations
 j - a royal jelly


   Skills:
 - Level 2.3 Dodging
 - Level 2.0 Stealth
 - Level 0.2 Unarmed Combat
 + Level 2.8 Spellcasting
 + Level 5.9 Summonings


You had 4 spell levels left.
You knew the following spells:

 Your Spells              Type           Power        Failure   Level  Hunger
a - Summon Small Mammal   Summ           ###.         1%          1    #......
b - Call Canine Familiar  Summ           ###.....     4%          3    ###....


Dungeon Overview and Level Annotations

Branches:
Dungeon (3/15)

Altars:


Innate Abilities, Weirdness & Mutations

You have a beak for a mouth.
You have claws for feet.


Message History

The puff of frost misses you.
The orc hits your quokka but does no damage.
Something misses your quokka.
Your quokka bites the orc but does no damage.
The orc wizard looks encouraged for a moment.
The orc hits your quokka with a trident of protection.
The orc wizard casts a spell at you. The puff of flame hits you!
Your quokka bites the orc.
Your quokka appears confused.
Something barely misses your quokka. Something hits your quokka.
Your quokka dies!
Your quokka's corpse disappears in a puff of smoke!
The orc wizard hits you but does no damage.
The orc wizard points at you and mumbles some strange words.
The magic dart hits you!
* * * LOW HITPOINT WARNING * * *
Your hound bites the orc wizard but does no damage.
The orc wizard casts a spell at you. The magic dart hits you!
You die...

#.<# ##..## #....#
#.##..# #.# #.# #.#
.# #.# .. #.# #.
#@# .. ..#..... #.#
.....#..... #o#
.b......... #h#
....#..?.. #.#
#..#..... ##.##
#..#.....
#...#######........
#......h..§{.......
#...#######o#.....†


You could see an orc wizard and a friendly hound.

Vanquished Creatures
  2 dart slugs
  A ball python (D:3)
  4 bats
  A giant cockroach (D:1)
  A goblin (D:1)
  4 hobgoblins (D:1)
  2 jackals (D:1)
  A quokka (D:3)
  2 frilled lizards
  3 kobolds
  4 rats
25 creatures vanquished.

Vanquished Creatures (collateral kills)
  An adder (D:1)
  A worm (D:2)
  2 dart slugs
  A leopard gecko (D:2)
  2 orcs (D:3)
  A giant cockroach (D:2)
  4 goblins
  2 hobgoblins
  A jackal (D:1)
  A ball python (D:2)
  2 bats
  3 frilled lizards
  5 kobolds
  4 rats
30 creatures vanquished.

Grand Total: 55 creatures vanquished

Notes
Turn   | Place    | Note
-------+----------+-------------------------------------------
     0 | D:1      | Copingsaw the Tengu Summoner began the quest for the Orb.
     0 | D:1      | Reached XP level 1. HP: 10/10 MP: 4/4
   237 | D:1      | Reached skill level 5 in Summonings
   260 | D:1      | Reached XP level 2. HP: 7/15 MP: 4/6
   899 | D:1      | Reached XP level 3. HP: 18/19 MP: 2/7
   912 | D:1      | Learned a level 3 spell: Call Canine Familiar
  2272 | D:3      | Reached XP level 4. HP: 24/24 MP: 6/9
  2310 | D:3      | Killed from afar by an orc wizard

Vault maps used:
D:1:      dpeg_arrival_rooms_with_view, nrook_uturn, minmay_pentomino_o4
D:3:      lemuel_doored_altar, cheibrodos_sewer_entry_bend, uniq_ijyb

Skill      XL: |  1 |
---------------+----+-----
Summonings     | 5 |  5.9
Dodging        | |  2.3
Stealth        | |  2.0
Unarmed Combat | |  0.2
Spellcasting   | |  2.8

Action                   |  1- 3 |  4- 6 || total
-------------------------+-------+-------++-------
Melee: Unarmed           |    10 |       ||    10
       Peck              |    15 |     1 ||    16
       Club              |     5 |       ||     5
       Kick              |    16 |       ||    16
       Short sword       |    57 |     3 ||    60
 Cast: Summon Small Mamm |    33 |     4 ||    37
       Call Canine Famil |    13 |     1 ||    14
  Use: Scroll            |     5 |       ||     5
 Stab: Sleeping          |     3 |       ||     3
  Eat: Chunk             |     5 |       ||     5
Armor: Robe              |    13 |     2 ||    15
Dodge: Dodged            |    54 |     6 ||    60
